General information
			
			
        
        - name: BNet
 
        - type: Ladder team game (AT/RT)
 
        - host: Battle.net
 
        - saver: YEAHSHESASSBATS
 
        
map: FullScaleAssault 
        - players: 8
 
        - length: 31:24
 
        - speed: Fast
 - version: 1.22 W3XP
 - replay type:  Public
 
» download(308 KB)
Players
        team 1 (winner) 
              
              
» 
TIMG4STRok (
orange | 132 APM | 4146 actions | 31:23)
              
 5 Blademaster 
 3 Wind Walk
 2 Critical Strike
 5 Shadow Hunter 
 2 Hex
 3 Healing Wave
 
                » actions 
                
                | Assign group hotkey | 52 |  | 
| Basic commands | 128 |  | 
| Build / train | 101 |  | 
| ESC pressed | 10 |  | 
| Enter build submenu | 23 |  | 
| Enter hero's abilities submenu | 10 |  | 
| Give item / drop item | 1 |  | 
| Remove unit from queue | 1 |  | 
| Right click | 1648 |  | 
| Select / deselect | 364 |  | 
| Select group hotkey | 1632 |  | 
| Use ability | 176 |  | 
                4146 total
 » units 
                
                | Peon | 19 |  | 
| Grunt | 5 |  | 
| Raider | 4 |  | 
| Demolisher | 9 |  | 
| Troll Batrider | 13 |  | 
| Kodo Beast | 2 |  | 
| Wind Rider | 3 |  | 
                55 total
 » upgrades
                
                | Pillage | 1 |  | 
| Ensnare | 1 |  | 
| Melee Weapons | 1 |  | 
| Armor | 2 |  | 
| Spiked Barricades | 1 |  | 
| Burning Oil | 1 |  | 
| Reinforced Defenses | 1 |  | 
| War Drums Damage Increase | 2 |  | 
| Ranged Weapons | 2 |  | 
| Envenomed Spears | 1 |  | 
| Liquid Fire | 1 |  | 
                14 total
 » buildings
                
                | Altar of Storms | 1 |  | 
| Orc Burrow | 9 |  | 
| Barracks | 1 |  | 
| Stronghold | 1 |  | 
| Voodoo Lounge | 1 |  | 
| Great Hall | 4 |  | 
| Beastiary | 2 |  | 
| War Mill | 1 |  | 
| Fortress | 3 |  | 
| Watch Tower | 1 |  | 
                24 total
 » build order
                00:06 Altar of Storms
00:18 Orc Burrow
00:44 Barracks
01:31 Orc Burrow
01:33 Orc Burrow
02:45 Stronghold
02:55 Orc Burrow
03:32 Voodoo Lounge
04:28 Great Hall
05:55 Beastiary
06:46 Beastiary
07:30 Orc Burrow
08:29 War Mill
09:13 Fortress
09:13 Fortress
12:19 Watch Tower
13:02 Orc Burrow
13:46 Great Hall
20:51 Orc Burrow
22:24 Great Hall
22:48 Orc Burrow
27:17 Orc Burrow
29:31 Great Hall
» items
                
                | Healing Salve | 2 |  | 
| Lesser Clarity Potion | 3 |  | 
| Scroll of Speed | 1 |  | 
| Orb of Lightning | 1 |  | 
| Potion of Mana | 2 |  | 
| Scroll of Town Portal | 2 |  | 
| Potion of Healing | 1 |  | 
                12 total
  
               
              
              
Wert]Doof (
blue | 101 APM | 3182 actions | 31:23)
              
 6 Mountain King 
 3 Storm Bolt
 2 Bash
 1 Avatar
 5 Paladin 
 3 Holy Light
 1 Divine Shield
 1 Devotion Aura
 
                » actions 
                
                | Assign group hotkey | 37 |  | 
| Basic commands | 71 |  | 
| Build / train | 109 |  | 
| Enter build submenu | 28 |  | 
| Enter hero's abilities submenu | 11 |  | 
| Give item / drop item | 2 |  | 
| Remove unit from queue | 5 |  | 
| Right click | 1122 |  | 
| Select / deselect | 398 |  | 
| Select group hotkey | 1286 |  | 
| Use ability | 113 |  | 
                3182 total
 » units 
                
                | Peasant | 25 |  | 
| Footman | 6 |  | 
| Goblin Zeppelin | 1 |  | 
| Mortar Team | 2 |  | 
| Siege Engine | 2 |  | 
| Gryphon Rider | 11 |  | 
                47 total
 » upgrades
                
                | Masonry | 2 |  | 
| Defend | 1 |  | 
| Lumber Harvesting | 2 |  | 
| Gunpowder | 2 |  | 
| Fragmentation Shards | 1 |  | 
| Flare | 1 |  | 
| Plating | 1 |  | 
| Animal War Training | 1 |  | 
| Storm Hammers | 1 |  | 
| Swords | 2 |  | 
| Armor | 2 |  | 
| Barrage | 1 |  | 
                17 total
 » buildings
                
                | Altar of Kings | 1 |  | 
| Barracks | 1 |  | 
| Farm | 13 |  | 
| Lumber Mill | 1 |  | 
| Town Hall | 3 |  | 
| Scout Tower | 13 |  | 
| Arcane Tower | 2 |  | 
| Arcane Vault | 1 |  | 
| Guard Tower | 5 |  | 
| Keep | 1 |  | 
| Castle | 1 |  | 
| Blacksmith | 1 |  | 
| Workshop | 3 |  | 
| Gryphon Aviary | 2 |  | 
                48 total
 » build order
                00:14 Altar of Kings
00:22 Barracks
00:37 Farm
00:52 Farm
01:41 Farm
02:15 Lumber Mill
03:17 Town Hall
03:22 Scout Tower
03:23 Scout Tower
03:33 Farm
03:37 Farm
03:51 Arcane Tower
04:02 Arcane Vault
04:16 Guard Tower
04:56 Scout Tower
05:43 Keep
06:03 Arcane Tower
06:06 Farm
06:08 Farm
06:09 Farm
06:38 Scout Tower
06:39 Scout Tower
06:41 Farm
06:43 Farm
08:13 Castle
08:26 Blacksmith
08:43 Guard Tower
09:05 Workshop
09:06 Workshop
09:07 Workshop
09:12 Farm
09:13 Farm
09:14 Farm
10:00 Scout Tower
10:01 Scout Tower
10:03 Scout Tower
10:55 Scout Tower
10:56 Scout Tower
10:56 Scout Tower
10:57 Scout Tower
10:57 Scout Tower
12:12 Town Hall
12:22 Guard Tower
13:12 Gryphon Aviary
13:13 Gryphon Aviary
13:48 Guard Tower
16:12 Guard Tower
30:50 Town Hall
» items
                
                | Boots of Speed | 1 |  | 
| Lesser Clarity Potion | 2 |  | 
| Scroll of Regeneration | 2 |  | 
| Scroll of Town Portal | 7 |  | 
                12 total
  
               
              
              
» 
wsa.hidan (
pink | 87 APM | 2744 actions | 31:23)
              
 4 Blademaster 
 2 Wind Walk
 2 Critical Strike
 3 Shadow Hunter 
 1 Hex
 2 Healing Wave
 
                » actions 
                
                | Assign group hotkey | 138 |  | 
| Basic commands | 27 |  | 
| Build / train | 97 |  | 
| ESC pressed | 2 |  | 
| Enter build submenu | 30 |  | 
| Enter hero's abilities submenu | 7 |  | 
| Give item / drop item | 5 |  | 
| Remove unit from queue | 1 |  | 
| Right click | 1346 |  | 
| Select / deselect | 351 |  | 
| Select group hotkey | 603 |  | 
| Use ability | 137 |  | 
                2744 total
 » units 
                
                | Peon | 21 |  | 
| Troll Batrider | 11 |  | 
| Shaman | 7 |  | 
| Goblin Shredder | 1 |  | 
| Wind Rider | 6 |  | 
| Troll Witch Doctor | 4 |  | 
| Tauren | 2 |  | 
| Spirit Walker | 2 |  | 
                54 total
 » upgrades
                
                | Armor | 2 |  | 
| Ranged Weapons | 3 |  | 
| Liquid Fire | 1 |  | 
| Reinforced Defenses | 1 |  | 
| Shaman Training | 2 |  | 
| Envenomed Spears | 1 |  | 
| Witch Doctor Training | 2 |  | 
| Spirit Walker Training | 2 |  | 
| Pulverize | 1 |  | 
                15 total
 » buildings
                
                | Altar of Storms | 1 |  | 
| Orc Burrow | 9 |  | 
| Voodoo Lounge | 1 |  | 
| War Mill | 1 |  | 
| Stronghold | 2 |  | 
| Beastiary | 3 |  | 
| Fortress | 1 |  | 
| Watch Tower | 6 |  | 
| Spirit Lodge | 2 |  | 
| Tauren Totem | 2 |  | 
                28 total
 » build order
                00:07 Altar of Storms
00:19 Orc Burrow
00:38 Voodoo Lounge
01:44 War Mill
01:53 Orc Burrow
02:43 Stronghold
04:41 Orc Burrow
05:05 Beastiary
05:06 Beastiary
05:29 Fortress
10:58 Watch Tower
10:59 Watch Tower
11:03 Watch Tower
11:05 Watch Tower
11:07 Watch Tower
11:46 Watch Tower
12:07 Spirit Lodge
12:24 Orc Burrow
14:30 Spirit Lodge
15:24 Orc Burrow
18:40 Orc Burrow
18:52 Orc Burrow
20:00 Beastiary
25:19 Tauren Totem
25:19 Tauren Totem
26:16 Orc Burrow
29:50 Orc Burrow
» items
                
                | Healing Salve | 2 |  | 
| Lesser Clarity Potion | 4 |  | 
| Boots of Speed | 1 |  | 
| Staff of Teleportation | 1 |  | 
| Tiny Great Hall | 3 |  | 
| Potion of Healing | 1 |  | 
| Orb of Lightning | 1 |  | 
| Scroll of Town Portal | 1 |  | 
| Scroll of Speed | 1 |  | 
                15 total
  
               
              
              
YEAHSHESASSBATS (
purple | 112 APM | 3513 actions | 31:24)
              
 5 Tauren Chieftain 
 3 Shockwave
 2 Endurance Aura
 4 Pandaren Brewmaster 
 2 Breath of Fire
 2 Drunken Haze
 
                » actions 
                
                | Assign group hotkey | 48 |  | 
| Basic commands | 179 |  | 
| Build / train | 120 |  | 
| ESC pressed | 3 |  | 
| Enter build submenu | 15 |  | 
| Enter hero's abilities submenu | 9 |  | 
| Give item / drop item | 5 |  | 
| Remove unit from queue | 2 |  | 
| Right click | 1529 |  | 
| Select / deselect | 664 |  | 
| Select group hotkey | 703 |  | 
| Use ability | 236 |  | 
                3513 total
 » units 
                
                | Peon | 18 |  | 
| Grunt | 7 |  | 
| Raider | 10 |  | 
| Troll Batrider | 21 |  | 
                56 total
 » upgrades
                
                | Melee Weapons | 2 |  | 
| Ensnare | 1 |  | 
| Liquid Fire | 1 |  | 
| Reinforced Defenses | 1 |  | 
| Armor | 1 |  | 
                6 total
 » buildings
                
                | Altar of Storms | 1 |  | 
| Orc Burrow | 5 |  | 
| Barracks | 1 |  | 
| Voodoo Lounge | 1 |  | 
| Great Hall | 3 |  | 
| Stronghold | 2 |  | 
| War Mill | 1 |  | 
| Beastiary | 2 |  | 
| Fortress | 1 |  | 
                17 total
 » build order
                00:05 Altar of Storms
00:08 Orc Burrow
00:45 Barracks
01:34 Orc Burrow
02:02 Voodoo Lounge
03:54 Great Hall
04:21 Stronghold
04:21 Stronghold
05:07 Orc Burrow
05:27 War Mill
07:15 Beastiary
07:42 Fortress
09:14 Beastiary
09:17 Orc Burrow
14:03 Orc Burrow
18:34 Great Hall
29:20 Great Hall
» items
                
                | Lesser Clarity Potion | 15 |  | 
| Healing Salve | 5 |  | 
| Scroll of Speed | 3 |  | 
| Potion of Healing | 2 |  | 
| Scroll of Town Portal | 8 |  | 
| Orb of Lightning | 2 |  | 
| Potion of Mana | 5 |  | 
| Potion of Lesser Invulnerability | 2 |  | 
                42 total
  
               team 2 (loser) 
              
              
401v1SolO (
yellow | 71 APM | 2148 actions | 30:06)
              
 6 Death Knight 
 3 Death Coil
 3 Unholy Aura
 4 Lich 
 2 Frost Nova
 2 Frost Armor
 
                » actions 
                
                | Assign group hotkey | 7 |  | 
| Basic commands | 86 |  | 
| Build / train | 88 |  | 
| ESC pressed | 5 |  | 
| Enter build submenu | 24 |  | 
| Enter hero's abilities submenu | 10 |  | 
| Give item / drop item | 4 |  | 
| Right click | 1229 |  | 
| Select / deselect | 489 |  | 
| Select group hotkey | 106 |  | 
| Use ability | 100 |  | 
                2148 total
 » units 
                
                | Acolyte | 3 |  | 
| Ghoul | 1 |  | 
| Crypt Fiend | 14 |  | 
| Obsidian Statue | 1 |  | 
| Frost Wyrm | 17 |  | 
                36 total
 » upgrades
                
                | Creature Attack | 3 |  | 
| Creature Carapace | 3 |  | 
| Web | 1 |  | 
| Freezing Breath | 1 |  | 
                8 total
 » buildings
                
                | Graveyard | 1 |  | 
| Crypt | 2 |  | 
| Altar of Darkness | 1 |  | 
| Ziggurat | 13 |  | 
| Tomb of Relics | 1 |  | 
| Nerubian Tower | 1 |  | 
| Halls of the Dead | 1 |  | 
| Spirit Tower | 3 |  | 
| Black Citadel | 1 |  | 
| Slaughterhouse | 1 |  | 
| Sacrificial Pit | 1 |  | 
| Boneyard | 3 |  | 
                29 total
 » build order
                00:09 Graveyard
00:14 Crypt
00:20 Altar of Darkness
00:23 Ziggurat
00:47 Crypt
01:00 Ziggurat
01:20 Tomb of Relics
01:56 Nerubian Tower
02:57 Halls of the Dead
03:59 Ziggurat
04:31 Spirit Tower
04:35 Ziggurat
05:19 Black Citadel
05:23 Slaughterhouse
05:26 Sacrificial Pit
06:52 Spirit Tower
07:46 Boneyard
07:48 Boneyard
08:12 Ziggurat
08:14 Ziggurat
08:17 Ziggurat
08:19 Ziggurat
08:34 Ziggurat
09:03 Spirit Tower
09:57 Ziggurat
11:29 Boneyard
13:03 Ziggurat
13:04 Ziggurat
26:01 Ziggurat
» items
                
                | Rod of Necromancy | 1 |  | 
| Dust of Appearance | 3 |  | 
| Orb of Corruption | 1 |  | 
| Scroll of Town Portal | 11 |  | 
| Scroll of Healing | 3 |  | 
| Potion of Mana | 1 |  | 
| Potion of Healing | 1 |  | 
                21 total
  
               
              
              
lecheR (
green | 69 APM | 2147 actions | 31:04)
              
 6 Mountain King 
 3 Storm Bolt
 2 Bash
 1 Avatar
 3 Blood Mage 
 2 Banish
 1 Siphon Mana
 
                » actions 
                
                | Assign group hotkey | 30 |  | 
| Basic commands | 29 |  | 
| Build / train | 111 |  | 
| Enter build submenu | 41 |  | 
| Enter hero's abilities submenu | 9 |  | 
| Remove unit from queue | 3 |  | 
| Right click | 1011 |  | 
| Select / deselect | 331 |  | 
| Select group hotkey | 480 |  | 
| Use ability | 102 |  | 
                2147 total
 » units 
                
                | Peasant | 18 |  | 
| Footman | 4 |  | 
| Spell Breaker | 5 |  | 
| Priest | 4 |  | 
| Siege Engine | 5 |  | 
| Knight | 1 |  | 
| Rifleman | 8 |  | 
| Sorceress | 2 |  | 
| Mortar Team | 1 |  | 
                48 total
 » upgrades
                
                | Masonry | 3 |  | 
| Lumber Harvesting | 2 |  | 
| Magic Sentry | 1 |  | 
| Priest Training | 1 |  | 
| Sorceress Training | 0 |  | 
| Gunpowder | 3 |  | 
| Plating | 3 |  | 
| Barrage | 2 |  | 
| Animal War Training | 1 |  | 
| Long Rifles | 1 |  | 
| Swords | 1 |  | 
| Armor | 2 |  | 
| Flare | 1 |  | 
| Fragmentation Shards | 1 |  | 
                22 total
 » buildings
                
                | Lumber Mill | 1 |  | 
| Altar of Kings | 1 |  | 
| Farm | 11 |  | 
| Barracks | 1 |  | 
| Scout Tower | 16 |  | 
| Arcane Tower | 3 |  | 
| Keep | 1 |  | 
| Town Hall | 3 |  | 
| Arcane Vault | 1 |  | 
| Guard Tower | 6 |  | 
| Arcane Sanctum | 2 |  | 
| Blacksmith | 1 |  | 
| Workshop | 3 |  | 
| Castle | 1 |  | 
                51 total
 » build order
                00:16 Lumber Mill
00:31 Altar of Kings
00:37 Farm
00:56 Barracks
01:19 Farm
01:56 Farm
02:15 Scout Tower
02:43 Arcane Tower
03:06 Farm
04:00 Keep
04:19 Town Hall
04:23 Scout Tower
04:27 Scout Tower
04:51 Arcane Vault
04:54 Arcane Tower
04:57 Guard Tower
05:04 Scout Tower
05:56 Farm
06:02 Guard Tower
06:26 Arcane Sanctum
06:29 Arcane Sanctum
06:46 Scout Tower
06:48 Scout Tower
06:51 Scout Tower
06:58 Blacksmith
07:02 Scout Tower
07:04 Scout Tower
08:37 Guard Tower
08:44 Workshop
08:50 Workshop
08:55 Workshop
09:13 Castle
09:18 Guard Tower
14:01 Farm
14:03 Farm
14:04 Farm
14:05 Farm
15:57 Farm
18:30 Town Hall
18:36 Scout Tower
18:39 Scout Tower
18:42 Scout Tower
25:04 Town Hall
25:33 Farm
25:36 Scout Tower
25:38 Scout Tower
25:40 Scout Tower
25:42 Scout Tower
26:45 Guard Tower
27:03 Guard Tower
27:26 Arcane Tower
» items
                
                | Boots of Speed | 1 |  | 
| Dust of Appearance | 2 |  | 
| Potion of Healing | 1 |  | 
| Lesser Clarity Potion | 3 |  | 
| Scroll of Town Portal | 5 |  | 
| Scroll of Regeneration | 2 |  | 
| Orb of Corruption | 1 |  | 
| Scroll of Healing | 1 |  | 
                16 total
  
               
              
              
lphie_LAzysMuRf (
teal | 30 APM | 905 actions | 30:14)
              
 3 Pandaren Brewmaster 
 2 Breath of Fire
 1 Drunken Haze
 
                » actions 
                
                | Basic commands | 4 |  | 
| Build / train | 50 |  | 
| Enter build submenu | 20 |  | 
| Enter hero's abilities submenu | 3 |  | 
| Give item / drop item | 1 |  | 
| Right click | 641 |  | 
| Select / deselect | 145 |  | 
| Use ability | 41 |  | 
                905 total
 » units 
                » buildings
                
                | Moon Well | 1 |  | 
| Altar of Elders | 1 |  | 
| Tree of Life | 5 |  | 
| Hunter's Hall | 1 |  | 
| Ancient Protector | 11 |  | 
                19 total
 » build order
                00:14 Moon Well
01:24 Altar of Elders
06:10 Tree of Life
07:25 Hunter's Hall
08:39 Ancient Protector
09:11 Ancient Protector
09:13 Ancient Protector
10:09 Tree of Life
10:25 Ancient Protector
13:40 Ancient Protector
13:43 Ancient Protector
13:51 Ancient Protector
14:00 Ancient Protector
14:04 Ancient Protector
14:28 Tree of Life
15:22 Ancient Protector
15:53 Tree of Life
16:35 Ancient Protector
26:16 Tree of Life
» items
                
                | Boots of Speed | 1 |  | 
| Staff of Teleportation | 1 |  | 
| Scroll of Protection | 1 |  | 
| Dust of Appearance | 1 |  | 
                4 total
  
               
              
              
toGOODtoBEtrue (
red | 64 APM | 2017 actions | 31:22)
              
 5 Tauren Chieftain 
 2 Endurance Aura
 3 Shockwave
 2 Pandaren Brewmaster 
 1 Breath of Fire
 1 Drunken Haze
 
                » actions 
                
                | Assign group hotkey | 2 |  | 
| Basic commands | 13 |  | 
| Build / train | 70 |  | 
| Enter build submenu | 29 |  | 
| Enter hero's abilities submenu | 7 |  | 
| Give item / drop item | 4 |  | 
| Right click | 1214 |  | 
| Select / deselect | 484 |  | 
| Select group hotkey | 45 |  | 
| Use ability | 149 |  | 
                2017 total
 » units 
                
                | Peon | 13 |  | 
| Grunt | 6 |  | 
| Raider | 12 |  | 
| Troll Batrider | 3 |  | 
                34 total
 » upgrades
                
                | Berserker Strength | 1 |  | 
| Ensnare | 1 |  | 
| Armor | 2 |  | 
| Pillage | 1 |  | 
| Reinforced Defenses | 1 |  | 
| Melee Weapons | 2 |  | 
                8 total
 » buildings
                
                | Altar of Storms | 1 |  | 
| Orc Burrow | 6 |  | 
| Barracks | 1 |  | 
| Voodoo Lounge | 1 |  | 
| Stronghold | 1 |  | 
| War Mill | 1 |  | 
| Beastiary | 2 |  | 
| Watch Tower | 15 |  | 
| Fortress | 1 |  | 
| Great Hall | 1 |  | 
                30 total
 » build order
                00:08 Altar of Storms
00:18 Orc Burrow
00:37 Barracks
01:39 Orc Burrow
02:07 Voodoo Lounge
03:04 Stronghold
03:42 Orc Burrow
04:25 War Mill
05:46 Beastiary
05:51 Beastiary
07:05 Orc Burrow
08:03 Watch Tower
08:07 Watch Tower
08:17 Fortress
08:41 Watch Tower
08:49 Watch Tower
08:55 Watch Tower
09:25 Orc Burrow
09:49 Watch Tower
10:12 Watch Tower
10:53 Orc Burrow
10:57 Watch Tower
12:24 Watch Tower
17:14 Great Hall
22:55 Watch Tower
22:58 Watch Tower
23:01 Watch Tower
27:15 Watch Tower
27:59 Watch Tower
28:21 Watch Tower
» items
                
                | Healing Salve | 7 |  | 
| Dust of Appearance | 1 |  | 
| Scroll of Town Portal | 8 |  | 
| Scroll of Healing | 1 |  | 
                17 total
  
                Chat log
          (00:02 / All) YEAHSHESASSBATS: sup hackers
(00:06 / All) 401v1SolO: L
(00:07 / All) 401v1SolO: LOL
(00:10 / All) 401v1SolO: BMK
(00:14 / All) YEAHSHESASSBATS: RUS #1
(00:27 / All) YEAHSHESASSBATS: did u just click my altar..
(00:28 / All) 401v1SolO: Gl hackers
(00:29 / All) YEAHSHESASSBATS: ....
(00:31 / All) 401v1SolO: yes
(00:37 / All) YEAHSHESASSBATS: Why..
(00:37 / All) 401v1SolO: how would u no
(00:45 / Allies) wsa.hidan: talons
(00:47 / Allies) wsa.hidan: join vent
(00:47 / All) YEAHSHESASSBATS: i see ur ring
(00:49 / All) YEAHSHESASSBATS: around it
(00:50 / All) YEAHSHESASSBATS: idiot
(00:51 / Allies) TIMG4STRok: ok
(00:53 / All) 401v1SolO: cuz u mh
(01:00 / All) YEAHSHESASSBATS: yup
(01:05 / All) 401v1SolO: Confesion?"
(01:07 / All) 401v1SolO: your not alex
(01:09 / All) 401v1SolO: im guessing
(01:31 / All) 401v1SolO: Yo
(01:34 / All) 401v1SolO: what am ibuilding
(01:35 / All) 401v1SolO: mr hacker
(01:47 / All) TIMG4STRok: a loss...
(01:48 / All) wsa.hidan: barccaks
(02:10 / All) 401v1SolO: YO
(02:12 / All) 401v1SolO: I DONT GET UR NAME
(02:14 / All) 401v1SolO: HER ASS
(02:15 / All) 401v1SolO: IS A BAT?
(02:24 / All) YEAHSHESASSBATS: shut up hacker
(02:33 / All) 401v1SolO: IM SORRY
(02:43 / All) TIMG4STRok: can we relax ive been shitting blood all day and my stomach is bothering me and all this stress doesn't help..
(03:05 / All) 401v1SolO: NIC EBM
(03:08 / All) YEAHSHESASSBATS: hack
(06:18 / Allies) wsa.hidan: run
(07:24 / Allies) Wert]Doof: for u knife
(11:53 / Allies) Wert]Doof: pand
(11:59 / Allies) wsa.hidan: walk
(12:30 / Allies) Wert]Doof: tping
(14:05 / Allies) Wert]Doof: get trees
(14:10 / Allies) TIMG4STRok: ud main
(14:14 / Allies) Wert]Doof: k
(14:16 / Allies) Wert]Doof: ill get expo
(16:15 / Allies) wsa.hidan: blue
(16:38 / Allies) wsa.hidan: blue
(16:39 / Allies) wsa.hidan: tp out
(16:44 / Allies) Wert]Doof: no kill
(16:47 / Allies) Wert]Doof: u idiot
(16:51 / Allies) wsa.hidan: mass raider with tank?
(16:52 / Allies) Wert]Doof: i have gruyphs
(17:00 / Allies) wsa.hidan: 3 ..
(17:03 / Allies) Wert]Doof: so?
(17:31 / Allies) Wert]Doof: dk
(17:33 / Allies) Wert]Doof: kill
(19:00 / All) YEAHSHESASSBATS: call me round ten
(19:03 / All) YEAHSHESASSBATS: gf's a bitch
(19:13 / Allies) YEAHSHESASSBATS: wait
(19:14 / Allies) YEAHSHESASSBATS: for me
(19:16 / Allies) YEAHSHESASSBATS: i got shockwave
(19:21 / Allies) TIMG4STRok: cant wait
(19:24 / Allies) TIMG4STRok: dk sitll dead 
(19:24 / Allies) TIMG4STRok: go
(19:37 / Allies) Wert]Doof: out
(19:41 / Allies) wsa.hidan: ...
(20:22 / Allies) Wert]Doof: better meet
(20:25 / Allies) Wert]Doof: they coming top
(22:38 / All) YEAHSHESASSBATS: my orc is pretty bad
(22:39 / All) YEAHSHESASSBATS: how do u lose
(22:42 / All) YEAHSHESASSBATS: hacking idiot
(24:32 / Allies) Wert]Doof: tp
(26:19 / All) 401v1SolO: stop
(26:20 / All) 401v1SolO: pinging me
(26:21 / All) 401v1SolO: hacker
(26:23 / All) YEAHSHESASSBATS: lol
(26:25 / All) YEAHSHESASSBATS: lol
(26:35 / All) TIMG4STRok: lmao
(26:40 / All) TIMG4STRok: god damn
(26:42 / All) 401v1SolO: Your ownmedcine
(26:45 / All) TIMG4STRok: you hack so bad and you still cant touch dis
(26:51 / All) 401v1SolO: so do u
(26:52 / All) 401v1SolO: its even
(27:01 / All) TIMG4STRok: nah sorry./
(28:12 / Allies) Wert]Doof: tping
(29:00 / All) wsa.hidan: geegee
(29:03 / All) TIMG4STRok: gg
(29:07 / All) YEAHSHESASSBATS: ofl
(29:09 / All) YEAHSHESASSBATS: rofl
(29:11 / All) Wert]Doof: gg
(30:02 / All) TIMG4STRok: how do you hack and lose
(30:04 / All) TIMG4STRok: how is that possible
(30:08 / All) YEAHSHESASSBATS: ony yloveme
(30:11 / All) YEAHSHESASSBATS: can answer that
(30:12 / All) YEAHSHESASSBATS: wut a noob
(30:15 / All) YEAHSHESASSBATS: jesus and woc trash
(30:15 / All) YEAHSHESASSBATS: too
(30:22 / All) TIMG4STRok: what
(30:30 / All) lecheR: and timg i beat u on the reg
(30:32 / All) YEAHSHESASSBATS: who cares
(30:35 / All) TIMG4STRok: ?
(30:35 / All) YEAHSHESASSBATS: u beat me in rt
(30:36 / All) lecheR: purp lost to me earlier today
(30:37 / All) TIMG4STRok: you hack
(30:37 / All) YEAHSHESASSBATS: good job dude
(30:39 / All) YEAHSHESASSBATS: wow good job
(30:39 / All) lecheR: in 4s AT
(30:41 / All) lecheR: gook
(30:42 / All) YEAHSHESASSBATS: WOW 4'S RT
(30:43 / All) Wert]Doof: gg
(30:43 / All) YEAHSHESASSBATS: LOL
(30:44 / All) Wert]Doof: leave
(30:44 / All) TIMG4STRok: you hack
(30:47 / All) TIMG4STRok: you should be 100%
(30:49 / All) lecheR: um no i dont
(30:58 / All) lecheR: u see me hacking?
(30:59 / All) YEAHSHESASSBATS: I HAD 66DRAGON CALM
(31:01 / All) TIMG4STRok: yes
(31:05 / All) TIMG4STRok: calling out my pings
(31:08 / All) TIMG4STRok: dusting my bm
(31:22 / All) YEAHSHESASSBATS: LEAVE